NCAA
OREGON STATE BEAVERS @ RUTGERS SCARLET KNIGHTS
04/21/2026
 
TOP OF THE 1ST
Oregon State Beavers batting - Pitching for Rutgers Scarlet Knights : LHP Rubén De La Garza
Pitching: LHP Rubén De La Garza
Batting: LHB Jesús Ferreira 0-0: Called Strike
0-1: Ground out 6-3 (Groundball, 6)
Batting: SHB Chris McKenzie 0-0: Swinging Strike
0-1: Swinging Strike
0-2: Foul Ball, location: 2F
0-2: Foul Ball, location: 2F
0-2: Ball
1-2: Ground out 2-3 (Groundball, 2L)
Now at C: Joe Roberts
Batting: RHB Francisco Hernández 0-0: Foul Ball, location: 2F
0-1: Ball
1-1: Ball
2-1: Called Strike
2-2: Ball
3-2: Foul Ball, location: 2F
3-2: Ground out 1-3 (Groundball, 15)
Top of the 1st over - 0 run(s), 0 hit(s), 0 error(s), 0 left on base; Oregon State 0 - Rutgers 0
BOTTOM OF THE 1ST
Rutgers Scarlet Knights batting - Pitching for Oregon State Beavers : RHP Chandler Haney
Pitching: RHP Chandler Haney
Batting: RHB Ed Keesee 0-0: Foul Ball, location: 2F
0-1: Fly out, F6 (Popup, 5D)
Batting: LHB Todd Sexton 0-0: Ball
1-0: Foul Ball, location: 2F
1-1: Called Strike
1-2: Ground out 6-3 (Groundball, 6M)
Batting: SHB Woody Stanley 0-0: Called Strike
0-1: Called Strike
0-2: Ball
1-2: Strikes out looking
Bottom of the 1st over - 0 run(s), 0 hit(s), 0 error(s), 0 left on base; Oregon State 0 - Rutgers 0
TOP OF THE 2ND
Oregon State Beavers batting - Pitching for Rutgers Scarlet Knights : LHP Rubén De La Garza
Batting: LHB Howard White 0-0: Foul Ball, location: 2F
0-1: Called Strike
0-2: Ball
1-2: Foul Ball, location: 2F
1-2: Foul Ball, location: 2F
1-2: Foul Ball, location: 2F
1-2: Ball
2-2: Ball
3-2: Base on Balls
Batting: RHB Paul Compton 0-0: Ball
1-0: Fielders Choice at 2nd, 4-6 (Groundball, 34)
Batting: RHB Conner Riley 0-0: Called Strike
0-1: Reached on error, E1 (Groundball, 13)
Paul Compton to second
Batting: RHB Joaquín Luna 0-0: Called Strike
0-1: Ball
1-1: Swinging Strike
1-2: Ball
2-2: Foul Ball, location: 2F
2-2: Strikes out swinging
Batting: RHB Lyndon Burnett 0-0: Fly out, F9 (Flyball, 9S)
Top of the 2nd over - 0 run(s), 0 hit(s), 1 error(s), 2 left on base; Oregon State 0 - Rutgers 0
BOTTOM OF THE 2ND
Rutgers Scarlet Knights batting - Pitching for Oregon State Beavers : RHP Chandler Haney
Batting: RHB Manuel Reyes 0-0: Ground out 5-3 (Groundball, 56)
Batting: SHB Júlio Ayala 0-0: Called Strike
0-1: SINGLE (Line Drive, 89S)
Batting: RHB Martín Campos 0-0: Foul Ball, location: 2F
0-1: Swinging Strike
0-2: Ball
1-2: Ball
2-2: Ball
3-2: Strikes out swinging
Batting: LHB Ismael Rodríguez 0-0: Ball
1-0: Foul Ball, location: 2F
1-1: Ground out 1-3 (Groundball, 13)
Bottom of the 2nd over - 0 run(s), 1 hit(s), 0 error(s), 1 left on base; Oregon State 0 - Rutgers 0
TOP OF THE 3RD
Oregon State Beavers batting - Pitching for Rutgers Scarlet Knights : LHP Rubén De La Garza
Batting: RHB Ernesto García 0-0: Foul Ball, location: 2F
0-1: Called Strike
0-2: Ball
1-2: DOUBLE (Popup, 3D)
Batting: LHB Jesús Ferreira 0-0: Ball
1-0: Foul Ball, location: 2F
1-1: Ball
2-1: Ball
3-1: Foul Ball, location: 2F
3-2: Ground out 4-3 (Groundball, 4)
Ernesto García to third
Batting: SHB Chris McKenzie 0-0: Called Strike
0-1: Called Strike
0-2: Strikes out looking
Batting: RHB Francisco Hernández 0-0: Ball
1-0: Called Strike
1-1: Called Strike
1-2: Ball
2-2: Foul Ball, location: 2F
2-2: Foul Ball, location: 2F
2-2: Strikes out swinging
Top of the 3rd over - 0 run(s), 1 hit(s), 0 error(s), 1 left on base; Oregon State 0 - Rutgers 0
BOTTOM OF THE 3RD
Rutgers Scarlet Knights batting - Pitching for Oregon State Beavers : RHP Chandler Haney
Batting: RHB Joe Roberts 0-0: Ball
1-0: Bunt missed!
1-1: Ground out 6-3 (Groundball, 6)
Batting: RHB Bill Shaffer 0-0: DOUBLE (Flyball, 89M)
Pinch Runner at 2nd Ricky Grant:
Batting: RHB Ed Keesee 0-0: Ball
1-0: Swinging Strike
1-1: Ball
2-1: Foul Ball, location: 2F
2-2: Ball
3-2: Foul Ball, location: 2F
3-2: Strikes out swinging
Batting: LHB Todd Sexton 0-0: Ball
1-0: Ball
2-0: Ball
3-0: Called Strike
3-1: Fly out, F7 (Line Drive, 78M)
Bottom of the 3rd over - 0 run(s), 1 hit(s), 0 error(s), 1 left on base; Oregon State 0 - Rutgers 0
TOP OF THE 4TH
Oregon State Beavers batting - Pitching for Rutgers Scarlet Knights : LHP Rubén De La Garza
Now in CF: Ricky Grant
Batting: LHB Howard White 0-0: Called Strike
0-1: Swinging Strike
0-2: Strikes out swinging
Batting: RHB Paul Compton 0-0: Called Strike
0-1: Swinging Strike
0-2: Foul Ball, location: 2F
0-2: Strikes out swinging
Batting: RHB Conner Riley 0-0: Ball
1-0: Called Strike
1-1: Called Strike
1-2: Ball
2-2: Ball
3-2: Foul Ball, location: 2F
3-2: Foul Ball, location: 2F
3-2: Base on Balls
Batting: RHB Joaquín Luna 0-0: Called Strike
0-1: Fly out, F7 (Flyball, 7D)
Top of the 4th over - 0 run(s), 0 hit(s), 0 error(s), 1 left on base; Oregon State 0 - Rutgers 0
BOTTOM OF THE 4TH
Rutgers Scarlet Knights batting - Pitching for Oregon State Beavers : RHP Chandler Haney
Batting: SHB Woody Stanley 0-0: Called Strike
0-1: Swinging Strike
0-2: Strikes out looking
Batting: RHB Manuel Reyes 0-0: Ball
1-0: Fly out, F3 (Popup, 3SF)
Batting: SHB Júlio Ayala 0-0: Ball
1-0: Called Strike
1-1: Ball
2-1: Ball
3-1: SINGLE (Line Drive, 9S)
Batting: RHB Martín Campos 0-0: Ball
1-0: Ball
2-0: Ball
3-0: Base on Balls
Júlio Ayala to second
Batting: LHB Ismael Rodríguez 0-0: SINGLE (Line Drive, 34D)
Júlio Ayala to third
Martín Campos to second
Runner from 3rd tries for Home, SAFE, no throw or cutoff
Batting: RHB Joe Roberts 0-0: Called Strike
0-1: Swinging Strike
0-2: Ball
1-2: SINGLE (Line Drive, 8RS)
Martín Campos to third
Ismael Rodríguez to second
Runner from 3rd tries for Home, SAFE, no throw or cutoff
Batting: RHB Ricky Grant 0-0: Ball
1-0: Called Strike
1-1: Ball
2-1: Ball
3-1: Ground out 5-3 (Groundball, 56S)
Bottom of the 4th over - 2 run(s), 3 hit(s), 0 error(s), 2 left on base; Oregon State 0 - Rutgers 2
TOP OF THE 5TH
Oregon State Beavers batting - Pitching for Rutgers Scarlet Knights : LHP Rubén De La Garza
Batting: RHB Lyndon Burnett 0-0: Ball
1-0: Called Strike
1-1: Ball
2-1: Called Strike
2-2: Ball
3-2: Strikes out swinging
Batting: RHB Ernesto García 0-0: Swinging Strike
0-1: Foul Ball, location: 2F
0-2: Ball
1-2: Strikes out swinging
Batting: LHB Jesús Ferreira 0-0: Ball
1-0: Bunted foul
1-1: SINGLE (Flyball, 8LS)
Pitching: RHP Todd Bevins
Batting: SHB Chris McKenzie 0-0: Called Strike
Jesús Ferreira is caught stealing 2nd base
Top of the 5th over - 0 run(s), 1 hit(s), 0 error(s), 0 left on base; Oregon State 0 - Rutgers 2
BOTTOM OF THE 5TH
Rutgers Scarlet Knights batting - Pitching for Oregon State Beavers : RHP Chandler Haney
Batting: RHB Ed Keesee 0-0: SOLO HOME RUN (Flyball, 78XD), Distance : 382 ft
Batting: LHB Todd Sexton 0-0: Ball
1-0: Ball
2-0: Called Strike
2-1: Foul Ball, location: 2F
2-2: Foul Ball, location: 2F
2-2: Ball
3-2: Foul Ball, location: 2F
3-2: SINGLE (Groundball, 15) (infield hit)
Batting: SHB Woody Stanley 0-0: Called Strike
0-1: Fly out, F7 (Flyball, 7LMF)
Batting: RHB Manuel Reyes 0-0: Called Strike
0-1: Foul Ball, location: 2F
0-2: Ball
1-2: Foul Ball, location: 2F
1-2: Ball
2-2: Ball
3-2: SINGLE (Line Drive, 56)
Todd Sexton to second
Pitching: LHP Tony Grimes
Batting: SHB Júlio Ayala 0-0: SINGLE (Line Drive, 89S)
Todd Sexton to third
Manuel Reyes to second
Batting: RHB Martín Campos 0-0: Called Strike
0-1: Ball
1-1: SINGLE (Groundball, 56D)
Todd Sexton scores
Manuel Reyes to third
Júlio Ayala to second
Batting: LHB Ismael Rodríguez 0-0: Ball
1-0: Swinging Strike
1-1: Ball
2-1: Called Strike
2-2: Strikes out swinging
Batting: RHB Joe Roberts 0-0: Ground out 5-3 (Groundball, 5S)
Bottom of the 5th over - 2 run(s), 5 hit(s), 0 error(s), 3 left on base; Oregon State 0 - Rutgers 4
TOP OF THE 6TH
Oregon State Beavers batting - Pitching for Rutgers Scarlet Knights : RHP Todd Bevins
Batting: SHB Chris McKenzie 0-0: Ball
1-0: Foul Ball, location: 2F
1-1: SINGLE (Groundball, 34D)
Batting: RHB Francisco Hernández 0-0: Ball
1-0: Called Strike
1-1: Ball
2-1: Fly out, F8 (Flyball, 8RM)
Batting: LHB Howard White 0-0: Swinging Strike
0-1: Foul Ball, location: 2F
0-2: Ball
1-2: Ball
2-2: Strikes out swinging
Batting: RHB Paul Compton 0-0: Ball
1-0: Ball
2-0: Called Strike
2-1: Called Strike
2-2: Ball
3-2: Base on Balls
Chris McKenzie to second
Batting: RHB Conner Riley 0-0: Ball
1-0: Ball
2-0: Called Strike
2-1: Ground out 5-3 (Groundball, 56S)
Top of the 6th over - 0 run(s), 1 hit(s), 0 error(s), 2 left on base; Oregon State 0 - Rutgers 4
BOTTOM OF THE 6TH
Rutgers Scarlet Knights batting - Pitching for Oregon State Beavers : LHP Tony Grimes
Batting: RHB Ricky Grant 0-0: Foul Ball, location: 2F
0-1: Ball
1-1: Foul Ball, location: 2F
1-2: Ball
2-2: Fly out, F7 (Flyball, 7M)
Batting: RHB Ed Keesee 0-0: Ball
1-0: Foul Ball, location: 2F
1-1: Foul Ball, location: 2F
1-2: Ball
2-2: Foul Ball, location: 2F
2-2: Ground out 2-3 (Groundball, 2L)
Batting: LHB Todd Sexton 0-0: Ball
1-0: Called Strike
1-1: Foul Ball, location: 2F
1-2: SINGLE (Line Drive, 6D)
Batting: SHB Woody Stanley 0-0: Ball
1-0: Foul Ball, location: 2F
1-1: SINGLE (Line Drive, 4MD)
Todd Sexton to second
Batting: RHB Manuel Reyes 0-0: Foul Ball, location: 2F
0-1: Called Strike
0-2: Strikes out swinging
Bottom of the 6th over - 0 run(s), 2 hit(s), 0 error(s), 2 left on base; Oregon State 0 - Rutgers 4
TOP OF THE 7TH
Oregon State Beavers batting - Pitching for Rutgers Scarlet Knights : RHP Todd Bevins
Batting: RHB Joaquín Luna 0-0: Foul Ball, location: 2F
0-1: Swinging Strike
0-2: Ground out 5-3 (Groundball, 56)
Batting: RHB Lyndon Burnett 0-0: Ball
1-0: Fly out, F8 (Flyball, 8LS)
Batting: RHB Ernesto García 0-0: Called Strike
0-1: Ball
1-1: Ball
2-1: Swinging Strike
2-2: Fly out, F8 (Flyball, 8RM)
Top of the 7th over - 0 run(s), 0 hit(s), 0 error(s), 0 left on base; Oregon State 0 - Rutgers 4
BOTTOM OF THE 7TH
Rutgers Scarlet Knights batting - Pitching for Oregon State Beavers : LHP Tony Grimes
Pitching: RHP Paul Gallagher
Batting: SHB Júlio Ayala 0-0: Foul Ball, location: 2F
0-1: Ball
1-1: Foul Ball, location: 2F
1-2: Strikes out swinging
Batting: RHB Martín Campos 0-0: Ball
1-0: Ball
2-0: Ground out 6-3 (Groundball, 6)
Batting: LHB Ismael Rodríguez 0-0: Ground out 3-1 (Groundball, 3)
Bottom of the 7th over - 0 run(s), 0 hit(s), 0 error(s), 0 left on base; Oregon State 0 - Rutgers 4
TOP OF THE 8TH
Oregon State Beavers batting - Pitching for Rutgers Scarlet Knights : RHP Todd Bevins
Pitching: LHP Jack Greene
Batting: LHB Jesús Ferreira 0-0: Ball
1-0: Ball
2-0: SINGLE (Line Drive, 6M)
Batting: SHB Chris McKenzie 0-0: Ball
1-0: SINGLE (Line Drive, 4M)
Jesús Ferreira to second
Pitching: RHP Joel Cobb
Batting: RHB Francisco Hernández 0-0: 3-RUN HOME RUN (Line Drive, 7D), Distance : 356 ft
Batting: LHB Howard White 0-0: Called Strike
0-1: Foul Ball, location: 2F
0-2: Strikes out looking
Batting: RHB Paul Compton 0-0: Ball
1-0: Called Strike
1-1: Fly out, F4 (Popup, 4D)
Batting: RHB Conner Riley 0-0: Swinging Strike
0-1: Called Strike
0-2: Strikes out swinging
Top of the 8th over - 3 run(s), 3 hit(s), 0 error(s), 0 left on base; Oregon State 3 - Rutgers 4
BOTTOM OF THE 8TH
Rutgers Scarlet Knights batting - Pitching for Oregon State Beavers : RHP Paul Gallagher
Batting: RHB Joe Roberts 0-0: Swinging Strike
0-1: Ball
1-1: Ball
2-1: Ball
3-1: Fly out, F8 (Flyball, 8RM)
Batting: RHB Ricky Grant 0-0: Called Strike
0-1: Foul Ball, location: 2F
0-2: Foul Ball, location: 2F
0-2: Ball
1-2: Strikes out swinging
Batting: RHB Ed Keesee 0-0: Foul Ball, location: 2F
0-1: Ball
1-1: Foul Ball, location: 2F
1-2: Ball
2-2: Ball
3-2: Base on Balls
Batting: LHB Todd Sexton 0-0: Fly out, F6 (Popup, 56)
Bottom of the 8th over - 0 run(s), 0 hit(s), 0 error(s), 1 left on base; Oregon State 3 - Rutgers 4
TOP OF THE 9TH
Oregon State Beavers batting - Pitching for Rutgers Scarlet Knights : RHP Joel Cobb
Pitching: RHP Rafael Zarate
Batting: RHB Joaquín Luna 0-0: Foul Ball, location: 2F
0-1: Ball
1-1: Ground out 5-3 (Groundball, 56)
Pinch Hitting: RHB Bobby Cameron 0-0: Ball
1-0: SINGLE (Groundball, 56D)
Batting: RHB Ernesto García 0-0: Called Strike
0-1: Ball
1-1: Foul Ball, location: 2F
1-2: Foul Ball, location: 2F
1-2: Ball
2-2: Ball
3-2: Strikes out swinging
Batting: LHB Jesús Ferreira 0-0: Called Strike
0-1: Ball
1-1: Ball
2-1: Ball
3-1: Base on Balls
Bobby Cameron to second
Batting: SHB Chris McKenzie 0-0: Ball
1-0: Called Strike
1-1: Foul Ball, location: 2F
1-2: Foul Ball, location: 2F
1-2: Strikes out swinging
Top of the 9th over - 0 run(s), 1 hit(s), 0 error(s), 2 left on base; Oregon State 3 - Rutgers 4
Monday, December 5th, 2016 - OOTP Baseball 17.12 Build 75